 Dungeon Crawl Stone Soup version 0.17-a0-910-ga669010 (webtiles) character file.

255 hornqvist the Shield-Bearer (level 6, -4/47 HPs)
             Began as a Formicid Fighter on May 2, 2015.
             Was an Initiate of Gozag.
             Killed by divine providence
             ... invoked by an orc priest
              (15 damage)
             ... on level 4 of the Dungeon.
             The game lasted 00:02:21 (2498 turns).

hornqvist the Shield-Bearer (Formicid Fighter)      Turns: 2498, Time: 00:02:21

Health: -4/47      AC: 18    Str: 22    XL:     6   Next: 38%
Magic:  6/6        EV:  5    Int:  8    God:    Gozag
Gold:   260        SH: 10    Dex: 10    Spells: 0 memorised, 5 levels left

rFire  . . .     SeeInvis +     a - +0 war axe
rCold  . . .     Clarity  .     t - +0 plate armour
rNeg   . . .     SustAb   .     c - +0 shield
rPois  .         Gourm    .     (helmet unavailable)
rElec  .         Spirit   .     (no cloak)
rCorr  .         Warding  .     s - +0 pair of gloves
rMut   .         Stasis   +     (no boots)
MR     .....                    (no amulet)
Stlth  ..........               (no ring)
                                q - +5 ring of protection

@: not resistant to hostile enchantments, extremely unstealthy
A: permanent stasis, dig shafts and tunnels, four strong arms, antennae 3
a: Dig, Shaft Self, Potion Petition, Call Merchant, Bribe Branch, Renounce
Religion


You were on level 4 of the Dungeon.
You worshipped Gozag.
Gozag was noncommittal.
You were not hungry.

You visited 1 branch of the dungeon, and saw 4 of its levels.

You collected 313 gold pieces.
You paid 53 gold pieces to Gozag.

Inventory:

Hand weapons
 a - a +0 war axe (weapon)
Armour
 c - a +0 shield (worn)
 s - a +0 pair of gloves (worn)
 t - a +0 plate armour (worn)
Jewellery
 q - a +5 ring of protection (left hand)
Scrolls
 b - a scroll of identify {unknown}
 f - a scroll of remove curse
 g - a scroll of magic mapping {unknown}
 h - a scroll of random uselessness {unknown}
 i - a scroll of amnesia {unknown}
 l - a scroll of teleportation {unknown}
 m - a scroll of recharging {unknown}
Potions
 d - 2 potions of might
 j - a potion of poison {unknown}
 k - 2 potions of curing {unknown}
 n - a potion of cure mutation {unknown}
Comestibles
 o - 3 fruits


   Skills:
 - Level 3.2 Fighting
 * Level 4.1 Axes
 + Level 4.5 Armour
 + Level 2.0 Dodging
 + Level 4.7 Shields


You had 5 spell levels left.
You didn't know any spells.

Dungeon Overview and Level Annotations

Branches:
Dungeon (4/15)
 Temple: D:4-7

Altars:
Ashenzari
Gozag
Kikubaaqudgha
Nemelex Xobeh
Sif Muna
Trog
Vehumet
The Shining One


Innate Abilities, Weirdness & Mutations

You are under a permanent stasis effect.
You can dig through walls and to a lower floor.
Your four strong arms can wield two-handed weapons with a shield.
You have a pair of large antennae on your head (SInv).


Message History

You are too injured to fight recklessly!
You are too injured to fight recklessly!
You are too injured to fight recklessly!
You are too injured to fight recklessly!
You are too injured to fight recklessly!
Unknown command.
You are too injured to fight recklessly!
Unknown command.
You are too injured to fight recklessly!
You are too injured to fight recklessly!
Unknown command.
You are too injured to fight recklessly!
You are too injured to fight recklessly!
You are too injured to fight recklessly!
Unknown command.
You hit the orc priest. x2
The orc priest calls down the wrath of Beogh upon you.
Something smites you!
You die...
Your body crumbles into a pile of gold.

... ...# ...# #... $ ##
#.%# # #.###..# ........
### ####+#
#.#.#.#o#######8###8#...
#.....o@$...##..........
#.#.#...#####8..........
...#.##....##..........
.....##.#####...##8#..#
...#.......##...####..#
....#.##.####⌠.).⌠#.....
.#.#.##.#####...##....#
#>......#8##...##....#
######.........##....#


You could see 2 orc priests.

Vanquished Creatures
  An ice beast (D:3)
  An orc priest (D:3)
  5 adders
  3 worms
  4 giant geckos
  8 orcs
  A giant cockroach (D:1)
  7 goblins
  13 hobgoblins
  7 kobolds
  2 quokkas
  3 bats
  2 giant newts
  5 jackals
  8 rats
70 creatures vanquished.

Notes
Turn   | Place    | Note
--------------------------------------------------------------
     0 | D:1      | hornqvist, the Formicid Fighter, began the quest for the Orb.
     0 | D:1      | Reached XP level 1. HP: 18/18 MP: 1/1
    97 | D:1      | Reached XP level 2. HP: 24/24 MP: 2/2
   582 | D:1      | Reached XP level 3. HP: 25/29 MP: 3/3
   584 | D:1      | Reached skill level 4 in Shields
   733 | D:2      | Found a deep blue altar of Sif Muna.
   772 | D:2      | Reached skill level 1 in Dodging
  1024 | D:2      | Reached XP level 4. HP: 35/35 MP: 4/4
  1898 | D:3      | Found a bloodstained altar of Trog.
  1898 | D:3      | Found a sparkling altar of Nemelex Xobeh.
  1898 | D:3      | Found an ancient bone altar of Kikubaaqudgha.
  1904 | D:3      | Found a glowing golden altar of the Shining One.
  1904 | D:3      | Found a radiant altar of Vehumet.
  1904 | D:3      | Found an opulent altar of Gozag.
  1905 | D:3      | Found a shattered altar of Ashenzari.
  1976 | D:3      | Reached XP level 5. HP: 41/41 MP: 5/5
  1979 | D:3      | Became a worshipper of Gozag Ym Sagoz the Greedy
  2056 | D:3      | Noticed an ice beast
  2066 | D:3      | Killed an ice beast
  2066 | D:3      | Reached XP level 6. HP: 12/47 MP: 6/6
  2498 | D:4      | Killed from afar by an orc priest

Action                   |  1- 3 |  4- 6 || total
-------------------------+-------+-------++-------
Melee: War axe           |    83 |   103 ||   186
  Use: Scroll            |       |     1 ||     1
  Eat: Chunk             |       |     4 ||     4
       Bread ration      |       |     1 ||     1
       Fruit             |       |     1 ||     1
